 Dungeon Crawl Stone Soup version 0.28.0-49-g6dfe1f597d (webtiles) character file.

Game seed: 6689946764510533267

42 ZappyNine the Magician (level 3, 0/28 HPs)
             Began as a Djinni Fire Elementalist on May 17, 2022.
             Slain by an iguana (12 damage)
             ... on level 3 of the Dungeon.
             The game lasted 00:02:12 (3872 turns).

ZappyNine the Magician (Djinni Fire Elementalist)   Turns: 3872, Time: 00:02:12

Health: 0/28       AC:  2    Str:  7    XL:     3   Next: 77%
Gold:   167        EV: 12    Int: 18    God:
                   SH:  0    Dex: 13

rFire   + + .      SeeInvis .   c - +0 dagger
rCold   x . .      Faith    .   (no shield)
rNeg    . . .      Spirit   .   a - +0 robe
rPois   ∞          Reflect  .   (no helmet)
rElec   .          Harm     .   (no cloak)
rCorr   .          Rampage  .   (no gloves)
Will    .....                   (boots unavailable)
Stlth   ++........              (no amulet)
HPRegen 0.09/turn               (no ring)
MPRegen 0.00/turn               (no ring)

@: flying
A: sickness immunity, fire resistance 2, cold vulnerability 1, float, innate
caster, HP casting, extra vitality 1
a: no special abilities


You were on level 3 of the Dungeon.
You visited 1 branch of the dungeon, and saw 3 of its levels.

You collected 167 gold pieces.

Inventory:

Hand Weapons
 c - a +0 dagger (weapon)
Armour
 a - a +0 robe (worn)
Jewellery
 j - a +4 ring of evasion
Scrolls
 b - a scroll of summoning {unknown}
 d - 5 scrolls of identify {unknown}
 e - a scroll of immolation {unknown}
 g - 2 scrolls of teleportation {unknown}
 l - 2 scrolls of enchant armour {unknown}
 m - a scroll of vulnerability {unknown}
Potions
 f - a potion of heal wounds {unknown}
 h - a potion of brilliance {unknown}
 i - a potion of resistance {unknown}
 k - 2 potions of attraction {unknown}


   Skills:
 + Level 2.0 Fighting
 - Level 2.1 Dodging
 - Level 1.5 Stealth
 + Level 3.0 Spellcasting


You couldn't memorise any spells.
You knew the following spells:

 Your Spells              Type           Power      Damage    Failure   Level
a - Foxfire               Conj/Fire      52%        2x1d6     4%          1
b - Scorch                Fire           26%        2d6       7%          2
c - Conjure Flame         Conj/Fire      13%        6-21      14%         3
d - Inner Flame           Hex/Fire       13%        N/A       14%         3
e - Flame Wave            Conj/Fire      13%        2d6       43%         4
f - Pain                  Necr           52%        1d6       4%          1
Your spell library was empty.

Dungeon Overview and Level Annotations

Branches:
Dungeon (3/15)

Altars:
Zin


Innate Abilities, Weirdness & Mutations

You are immune to sickness and miasma.
You are immune to poison.
Your flesh is very heat resistant. (rF++)
You are vulnerable to cold. (rC-)
You float through the air rather than walking.
You learn spells naturally, not from books.
Your magical power is your life essence.
You have superior vitality. (+4 MHP)


Message History

Unknown command.
An orc comes into view. It is wielding a +0 mace.
An orc is nearby!
An orc is nearby!
Casting: Scorch (safe; 7% risk of failure)
Confirm with . or Enter, or press ? or * to list all spells.
You conjure some foxfire!
Unknown command.
Casting: Foxfire (safe; 4% risk of failure)
Confirm with . or Enter, or press ? or * to list all spells.
Flames lash the orc.
You kill the orc!
An iguana comes into view.
Unknown command.
Casting: Scorch (safe; 7% risk of failure)
Confirm with . or Enter, or press ? or * to list all spells.
Flames lash the iguana.
The iguana is lightly wounded.
The iguana's fire resistance burns away.
The iguana hisses menacingly.
Your foxfire dissipates! x2
Casting: Scorch (safe; 7% risk of failure)
Confirm with . or Enter, or press ? or * to list all spells.
You conjure some foxfire!
The foxfire hits the iguana but does no damage.
The iguana is lightly wounded.
Unknown command.
Casting: Foxfire (safe; 4% risk of failure)
Confirm with . or Enter, or press ? or * to list all spells.
Flames lash the iguana.
The iguana is burned terribly!
The iguana is heavily wounded.
The foxfire hits the iguana.
The iguana is heavily wounded.
Unknown command.
Casting: Scorch (safe; 7% risk of failure)
Confirm with . or Enter, or press ? or * to list all spells.
Flames lash the iguana.
The iguana is burned terribly!
The iguana is almost dead.
The iguana bites you!
You die...

#.# ##. #.###.#####.
### ###........... ..
.....##.###### ..
####....## # #.
####..##### #.
#...##.. #.##
##.#....# #l@#
#..##...# #..))#.###
#.##..#.. #### #..§##
#.#..###.
###..#####...##...
###.....#.#......
................##...
.#.########.#...####.
............#.#.# #.
..#.....#####.#.####.


You could see an iguana (combustible).

Vanquished Creatures
  3 orcs (D:3)
  5 ball pythons
  3 bats
  2 endoplasms (D:1)
  2 giant cockroaches
  3 goblins
  6 hobgoblins
  3 kobolds
  A quokka (D:3)
  3 frilled lizards
  2 rats
33 creatures vanquished.

Vanquished Creatures (others)
  47 foxfires
47 creatures vanquished.

Grand Total: 80 creatures vanquished

Notes
Turn   | Place    | Note
-------+----------+-------------------------------------------
     0 | D:1      | ZappyNine the Djinni Fire Elementalist began the quest for
                  | the Orb.
     0 | D:1      | Reached XP level 1. HP: 15/15 MP: 0/0
   388 | D:1      | Found a faded altar of an unknown god.
   734 | D:1      | Reached skill level 1 in Fighting
   734 | D:1      | Reached XP level 2. HP: 13/22 MP: 0/0
  1964 | D:2      | Found a glowing silver altar of Zin.
  2345 | D:2      | Reached XP level 3. HP: 25/27 MP: 0/0
  2345 | D:2      | Learned a level 1 spell: Pain
  3854 | D:3      | Reached skill level 3 in Spellcasting
  3872 | D:3      | Slain by an iguana

Illustrated notes

Levels and vault maps discovered:
D:1:      onia_arrival_pyramid, layout_basic,
          hellmonk_ecumenical_altar_crossroads, hex_large,
          minmay_misc_feat_room, fountainhead
D:2:      minmay_alternating_diamond, layout_basic, basic_altar
D:3:      layout_rooms, yredelemnul_forgotten_temple_becter

Skill      XL: |  1  2  3 |
---------------+----------+-----
Fighting       | 1 2 |  2.0
Spellcasting   | 3 |  3.0
Dodging        | |  2.1
Stealth        | |  1.5

Action                   || total
-------------------------++-------
Melee: Dagger            ||   104
       Unarmed           ||     1
       Punch             ||     1
 Cast: Foxfire           ||    31
       Scorch            ||     7
 Stab: Sleeping          ||     4
Armor: Robe              ||    28
Dodge: Dodged            ||    81
